 Dungeon Crawl Stone Soup version 0.27.1-1-g398f81649c (webtiles) character file.

Game seed: 3778585912209334494

2971 pkoi the Archer (level 9, -1/118 HPs)
             Began as a Minotaur Hunter on Sept 16, 2021.
             Was a Believer of Okawaru.
             Succumbed to a hornet's poison
             ... on level 8 of the Dungeon.
             The game lasted 00:11:20 (8288 turns).

pkoi the Archer (Minotaur Hunter)                   Turns: 8288, Time: 00:11:20

Health: -1/118     AC:  8    Str: 18    XL:     9   Next: 53%
Magic:  8/8        EV: 14    Int:  8    God:    Okawaru [**....]
Gold:   367        SH:  0    Dex: 13    Spells: 8/8 levels left

rFire    + . .     SeeInvis .   b - +3 short sword
rCold    + . .     Faith    .   (no shield)
rNeg     . . .     Spirit   .   m - +2 leather armour {rC+}
rPois    .         Reflect  .   (helmet restricted)
rElec    .         Harm     .   (no cloak)
rCorr    .         Rampage  .   j - +1 pair of gloves
Will     .....                  (no boots)
Stlth    ..........             (no amulet)
HPRegen  0.29/turn              B - ring of protection from fire
MPRegen  0.11/turn              (no ring)

@: berserking, lethally poisoned (-1 -> -16), hasted and slowed
A: horns 2, retaliatory headbutt
a: Renounce Religion, Heroism


You were on level 8 of the Dungeon.
You worshipped Okawaru.
Okawaru was pleased with you.
You visited 2 branches of the dungeon, and saw 9 of its levels.
You also visited: Ossuary.

You collected 462 gold pieces.
You spent 95 gold pieces at shops.

Inventory:

Hand Weapons
 a - a +2 shortbow
 b - a +3 short sword (weapon)
 F - a +2 whip of freezing
Missiles
 d - 15 arrows
 r - 3 throwing nets (quivered)
Armour
 c - a +0 leather armour
 j - a +1 pair of gloves (worn)
 m - a +2 leather armour of cold resistance (worn)
Jewellery
 e - a ring of fire
 B - a ring of protection from fire (left hand)
 E - a ring of fire
Wands
 q - a wand of paralysis (8)
 s - a wand of digging (5)
 v - a wand of iceblast (6)
 y - a wand of flame (16)
 z - a wand of charming (9)
 A - a wand of mindburst (9)
 C - a wand of acid (6)
Scrolls
 h - 5 scrolls of enchant weapon
 o - 5 scrolls of identify
 p - 6 scrolls of amnesia
 t - a scroll of enchant armour
 u - 3 scrolls of teleportation
Potions
 f - 4 potions of haste
 g - a potion of berserk rage
 i - 9 potions of lignification
 k - 2 potions of attraction {unknown}
 l - 2 potions of flight
 n - a potion of resistance {unknown}
 w - 2 potions of curing {unknown}
 x - a potion of heal wounds
 D - a potion of magic {unknown}


   Skills:
 + Level 7.1 Fighting
 * Level 10.7 Bows
 + Level 6.6 Armour
 + Level 6.5 Dodging
 - Level 0.7 Stealth


You had 8 spell levels left.
You didn't know any spells.
Your spell library contained the following spells:

 Spells                   Type           Power      Damage    Failure   Level
 Apportation              Tloc           0%         N/A       45%         1
 Summon Small Mammal      Summ           0%         N/A       45%         1
 Ensorcelled Hibernation  Hex/Ice        0%         N/A       58%         2
 Call Canine Familiar     Summ           0%         N/A       83%         3
 Frozen Ramparts          Ice            0%         1d2       83%         3
 Spider Form              Tmut/Pois      0%         N/A       83%         3
 Summon Guardian Golem    Hex/Summ       0%         N/A       83%         3
 Ice Form                 Ice/Tmut       0%         N/A       99%         4
 Summon Ice Beast         Ice/Summ       0%         N/A       99%         4
 Shadow Creatures         Summ           N/A        N/A       100%        6


Dungeon Overview and Level Annotations

Branches:
Dungeon (8/15)             Temple (1/1) D:6         Ossuary (visited)
   Lair: D:8-11

Altars:
Ashenzari
Cheibriados
Elyvilon
Kikubaaqudgha
Makhleb
Okawaru
Qazlal
Ru
Sif Muna
Uskayaw
Yredelemnul

Shops:
D:6 (   D:7 *

Annotations:
D:5 2 runed translucent doors, aster's ghost, novice HOFi


Innate Abilities, Weirdness & Mutations

You have a pair of horns on your head.
You reflexively headbutt those who attack you in melee.


Message History

It was a potion of haste.
You feel yourself speed up.
You feel very sick. The hornet barely misses you. The hornet misses you.
The orc barely misses you.
The hornet stings you but does no damage.
Fire: 17 arrows
Press: ? - help, Q - select action, (/) - cycle Shift-Dir - straight line, f/p - hornet
Aim: a hornet (severely wounded, 57% to hit)
You shoot an arrow. The arrow barely misses the hornet.
The arrow closely misses the orc.
You feel sick. The hornet closely misses you. You furiously retaliate!
You headbutt the hornet, but do no damage.
Unknown command.
Fire: 16 arrows
Press: ? - help, Q - select action, (/) - cycle Shift-Dir - straight line, f/p - hornet
Aim: a hornet (severely wounded, 57% to hit)
You shoot an arrow. The arrow barely misses the hornet.
The arrow hits the orc!
You kill the orc!
Okawaru accepts your kill.
The hornet stings you but does no damage.
It was a potion of berserk rage.
A red film seems to cover your vision as you go berserk!
You feel yourself moving faster!
You feel mighty!
You feel yourself speed up.
You feel sick.
The hornet stings you but does no damage.
The hornet stings you!
* * * LOW HITPOINT WARNING * * *
You are more poisoned.
You feel yourself slow down.
You are too berserk!
Unknown command.
Really attack while wielding your +2 shortbow? [Y]es or [N]o only, please.
Really attack while wielding your +2 shortbow? [Y]es or [N]o only, please.
Really attack while wielding your +2 shortbow?
Okay, then.
b - a +3 short sword (weapon)
You feel a strong urge to attack something.
You die...

#...........###. o
#.# .#+#....#####
(( # )# ##.#
#......# .$ #...
#..# .##.....######
.#.#$ #.##
.....####....##.($.
#.#
...#.###......##.(
#.#
...#.##..#..#..#)#
#.# .#
#..)...##...#y# #.#
. #..'...##...#@#
#.# #.##..#..#..'.#
#.# #..##......##.#
#.# +.( ##....###.#
#.# ###. ###### #.#
#.# . ..# #+# #.#
#...##.# #.#
#...##.# #.#
#......> #.#


You could see a hornet.

Vanquished Creatures
  Pikel (D:7)
  Eustachio (D:4)
  Edmund (D:5)
  An acid dragon (D:8)
  A sky beast (D:7)
  2 black bears (D:6)
  2 necrophages
  A centaur (D:8)
  2 ogres
  2 lemures (D:7)
  A phantom (D:6)
  A bullfrog (D:6)
  A scorpion (D:5)
  2 wyvern zombies (D:7)
  A water moccasin zombie (Ossuary)
  2 wyvern skeletons
  A wight (D:8)
  A howler monkey (D:8)
  A bullfrog zombie (D:6)
  A centaur skeleton (D:4)
  3 centaur zombies
  An orc priest (D:3)
  4 hounds
  3 jellies
  A bullfrog skeleton (D:5)
  2 gnoll shamans
  3 iguanas
  Jessica (D:2)
  2 orc wizards
  A scorpion zombie (D:5)
  2 mummies (Ossuary)
  A howler monkey zombie (D:7)
  4 gnolls (D:7)
  A howler monkey skeleton (D:7)
  6 adders
  7 adder zombies (Ossuary)
  An adder skeleton (D:4)
  2 worms
  4 dart slugs
  9 orcs
  6 ball pythons
  4 bats
  5 endoplasms
  3 giant cockroaches
  4 gnoll zombies (Ossuary)
  6 goblins
  3 hobgoblins
  2 jackals (D:3)
  8 kobolds
  3 quokkas
  2 frilled lizards
  9 hobgoblin zombies (Ossuary)
  5 kobold zombies (Ossuary)
  7 orc zombies (Ossuary)
  2 rats (D:1)
  A spectral orc (D:3)
154 creatures vanquished.

Vanquished Creatures (others)
  4 fungi (D:1)
4 creatures vanquished.

Grand Total: 158 creatures vanquished

Notes
Turn   | Place    | Note
-------+----------+-------------------------------------------
     0 | D:1      | pkoi the Minotaur Hunter began the quest for the Orb.
     0 | D:1      | Reached XP level 1. HP: 18/18 MP: 0/0
   181 | D:1      | Reached XP level 2. HP: 25/25 MP: 1/1
   205 | D:1      | Reached skill level 5 in Bows
   244 | D:1      | Found a faded altar of an unknown god.
   248 | D:1      | Got Plato's Volume of the Voyage
   970 | D:2      | Reached XP level 3. HP: 30/30 MP: 2/2
  1040 | D:2      | Noticed Jessica
  1053 | D:2      | Killed Jessica
  1054 | D:2      | Reached skill level 6 in Bows
  1263 | D:2      | Reached XP level 4. HP: 37/37 MP: 3/3
  1872 | D:3      | Reached skill level 1 in Armour
  2181 | D:3      | Reached XP level 5. HP: 42/42 MP: 4/4
  2250 | D:3      | Found a basalt altar of Yredelemnul.
  2468 | D:4      | Noticed Eustachio
  2481 | D:4      | Killed Eustachio
  2482 | D:4      | Reached skill level 7 in Bows
  2482 | D:4      | Reached XP level 6. HP: 41/51 MP: 5/5
  2955 | D:4      | Found a shimmering blue altar of Sif Muna.
  3371 | D:4      | Found a snail-covered altar of Cheibriados.
  3659 | D:5      | Entered Level 5 of the Dungeon
  3664 | D:5      | Noticed Edmund
  3826 | D:5      | Found a runed translucent door.
  3831 | D:5      | Noticed aster's ghost (novice HOFi)
  3848 | D:5      | Found a runed translucent door.
  4055 | D:5      | Killed Edmund
  4056 | D:5      | Reached XP level 7. HP: 59/59 MP: 6/6
  4289 | D:5      | Reached skill level 8 in Bows
  5137 | D:6      | Found Juch's Antique Weapon Boutique.
  5142 | D:6      | Found a staircase to the Ecumenical Temple.
  5371 | Temple   | Entered the Ecumenical Temple
  5404 | Temple   | Became a worshipper of Warmaster Okawaru
  5440 | D:6      | Reached XP level 8. HP: 57/67 MP: 7/7
  5448 | D:6      | Reached skill level 5 in Fighting
  5509 | D:6      | Noticed a +0 dagger
  5511 | D:6      | Noticed a +0 dagger
  5547 | D:6      | Found an ancient bone altar of Kikubaaqudgha.
  5548 | D:6      | Found a white marble altar of Elyvilon.
  5548 | D:6      | Found a burning altar of Makhleb.
  5557 | D:6      | Reached skill level 9 in Bows
  5582 | D:6      | Reached skill level 5 in Dodging
  5590 | D:6      | Found a sand-covered staircase.
  5599 | Ossuary  | Entered an ossuary
  5799 | Ossuary  | Reached * piety under Okawaru
  5961 | Ossuary  | Reached skill level 5 in Armour
  6631 | D:6      | Found a hide-covered altar of Uskayaw.
  7282 | D:7      | Found a broken altar of Ashenzari.
  7330 | D:7      | Found Buotoph's General Store.
  7377 | D:7      | Bought 14 arrows for 39 gold pieces
  7377 | D:7      | Bought 20 arrows for 56 gold pieces
  7423 | D:7      | Reached skill level 10 in Bows
  7423 | D:7      | Reached XP level 9. HP: 42/75 MP: 8/8
  7948 | D:7      | Noticed Pikel
  7964 | D:7      | Killed Pikel
  7964 | D:7      | Reached ** piety under Okawaru
  8282 | D:8      | Paralysed by a hornet for 2 turns
  8287 | D:8      | HP: 1/118 [hornet (12)]
  8288 | D:8      | Succumbed to a hornet's poison

Illustrated notes

Levels and vault maps discovered:
D:1:      lightli_iron_boxes, layout_loops_ring,
          shapermc_ecumenical_altar_rom_forum, minmay_misc_feat_room,
          due_unseen_surprise
D:2:      layout_rooms, st_stairs_1, uniq_jessica
D:3:      layout_loops_ring, yredelemnul_forgotten_temple_becter,
          eino_tiny_chamber
D:4:      layout_basic, cheibriados_altar_1, mainiacjoe_overflow_alcove_4,
          uniq_eustachio
D:5:      layout_loops_ring, ebering_ghost_sewer_f, uniq_edmund
D:6:      layout_basic, dancing_weapons_uskayaw,
          chequers_temple_overflow_statue_of_worship, minmay_temple_entry_mist,
          chequers_ossuary_entry_cave, serial_shops, shop
D:7:      layout_cave_pools, ashenzari_altar_1, serial_shops,
          nicolae_shop_trees, uniq_pikel
D:8:      minmay_polygon_palace, layout_basic, nzn_hepliaklqana_mist_gate
Temple:   hc_temple_tempest_star

Skill      XL: |  1  2  3  4  5  6  7  8  9 |
---------------+----------------------------+-----
Bows           | 5 6 7 8 10 | 10.7
Armour         | 1 2 3 4 5 6 |  6.6
Fighting       | 3 4 6 7 |  7.1
Dodging        | 3 4 5 6 |  6.5
Stealth        | |  0.7

Action                   |  1- 3 |  4- 6 |  7- 9 || total
-------------------------+-------+-------+-------++-------
Melee: Short sword       |    23 |   117 |   195 ||   335
       Headbutt          |     5 |    24 |    46 ||    75
 Fire: Shortbow          |    37 |    29 |   213 ||   279
  Use: Scroll            |     3 |     3 |     2 ||     8
       Potion            |       |     3 |     2 ||     5
 Stab: Sleeping          |       |     1 |     1 ||     2
       Invisible         |       |     3 |       ||     3
Armor: Leather armour    |    12 |    38 |   111 ||   161
       Skin              |       |     9 |       ||     9
Dodge: Dodged            |    23 |    82 |   191 ||   296
